Map: Pillars of Gold LE

Players

uwuThermal (uThermal) - Winner!

  • Race: Terran Terran
  • Spawn Location: 1:00

soul

  • Race: Terran Terran
  • League: Grandmaster
  • Spawn Location: 7:00

Event: DreamHack SC2 Masters 2020 Winter

VOD

Have the link to the VOD?

Description

Time

  • Played on: Oct. 23, 2020, 2:21 p.m.
  • Length: 17:12

All games in this series

Show
View Real Time Build Order
Export as new Build Order

uwuThermal Terran - Winner!

Build Orders: Mech 

Get SALT Encoding   

  12  0:00  SCV  
  13  0:12  SCV  
  14  0:17  Supply Depot  
  14  0:24  SCV  
  15  0:39  SCV  
  15  0:41  Barracks  
  16  0:44  Refinery  
  16  0:51  SCV  
  16  0:54  Refinery  
  17  1:03  SCV  
  18  1:15  SCV  
  19  1:28  Reaper, Orbital Command  
  19  1:31  Supply Depot  
  20  1:46  Factory  
  20  1:54  SCV  
  21  2:00  Reaper  
  22  2:06  SCV  
  23  2:18  SCV  
  24  2:29  Command Center  
  24  2:31  SCV  
  24  2:34  Hellion  
  24  2:36  Barracks Reactor  
  27  2:43  SCV  
  28  2:49  Starport  
  28  2:55  Supply Depot  
  28  2:57  SCV  
  29  3:01  Widow Mine  
  31  3:16  SCV, Marine x2  
  34  3:23  Factory Tech Lab  
  34  3:27  Starport Tech Lab  
  34  3:28  Refinery  
  34  3:29  SCV  
  35  3:34  Marine x2  
  35  3:41  SCV  
  38  3:42  Orbital Command  
  38  3:47  Raven  
  40  3:51  Cyclone  
  40  3:54  SCV  
  44  3:56  Marine  
  44  3:57  Marine  
  46  4:06  SCV, Supply Depot  
  46  4:08  SCV  
  48  4:14  Marine  
  48  4:15  Marine  
  50  4:18  SCV  
  50  4:20  SCV  
  50  4:22  Supply Depot  
  52  4:30  Raven  
  54  4:32  Siege Tank  
  54  4:33  SCV  
  54  4:35  SCV  
  59  4:40  Marine x2  
  59  4:44  Supply Depot  
  62  4:45  SCV  
  62  4:47  SCV  
  63  4:57  SCV  
  63  4:59  SCV  
  65  5:03  Command Center  
  65  5:07  Refinery  
  65  5:09  SCV  
  65  5:11  Siege Tank  
  69  5:15  Raven  
  69  5:18  SCV  
  72  5:22  SCV  
  72  5:23  Supply Depot  
  72  5:24  Marine  
  72  5:26  Marine  
  75  5:30  SCV  
  75  5:35  SCV  
  77  5:36  Supply Depot  
  77  5:42  SCV  
  78  5:44  Marine x2  
  78  5:45  Siege Tank  
  78  5:48  SCV, Supply Depot  
  84  5:54  SCV  
  85  6:00  SCV  
  86  6:06  SCV  
  86  6:09  Viking x2  
  91  6:12  Barracks Reactor  
  91  6:13  Factory  
  91  6:15  Engineering Bay, Factory  
  91  6:18  Siege Tank  
  94  6:20  SCV  
  94  6:21  SCV  
  96  6:32  SCV  
  95  6:33  SCV, Refinery  
  95  6:34  Supply Depot  
  95  6:38  Refinery  
  95  6:39  Viking  
  97  6:40  Viking  
  97  6:44  SCV  
  97  6:46  SCV  
  101  6:49  Orbital Command  
  101  6:52  Siege Tank  
  104  6:56  SCV  
  104  6:58  SCV  
  106  7:03  Hellion  
  106  7:08  SCV  
  109  7:09  Viking, Sensor Tower  
  109  7:11  Viking  
  109  7:12  SCV  
  109  7:14  SCV  
  115  7:17  Hellion  
  115  7:18  Hellion  
  119  7:23  SCV  
  119  7:24  Hellion  
  119  7:25  SCV, Supply Depot  
  123  7:34  Armory x2  
  123  7:38  SCV  
  123  7:39  Supply Depot  
  124  7:46  Viking x2  
  124  7:47  SCV, Siege Tank  
  124  7:48  Supply Depot  
  132  7:58  Supply Depot  
  132  8:01  SCV, Hellion x2, Siege Tank  
  132  8:02  SCV, Supply Depot  
  132  8:04  Infernal Pre-Igniter  
  141  8:10  Supply Depot  
  141  8:16  Viking  
  141  8:17  Viking, Factory  
  141  8:19  Factory  
  145  8:22  Supply Depot  
  145  8:23  Siege Tank  
  145  8:26  Hellion  
  150  8:32  Terran Vehicle Weapons Level 1, Terran Vehicle And Ship Armor Level 1  
  150  8:35  Supply Depot  
  150  8:37  Hellion  
  150  8:41  SCV x2  
  154  8:42  Siege Tank  
  154  8:46  Supply Depot, Smart Servos  
  157  8:51  Viking  
  159  8:55  Viking  
  159  9:01  Hellion, Siege Tank  
  164  9:05  Factory Reactor, Factory Tech Lab  
  163  9:11  Command Center  
  163  9:14  Hellion  
  165  9:17  Siege Tank  
  165  9:23  Viking  
  170  9:25  Viking  
  170  9:28  Hellion  
  170  9:29  Supply Depot  
  170  9:30  Siege Tank  
  177  9:35  Siege Tank  
  180  9:45  Hellion, Command Center  
  182  9:47  Hellion  
  184  9:54  Viking  
  184  9:55  Viking  
  184  9:56  Siege Tank  
  184  9:57  Hellion  
  193  10:01  Hellion  
  193  10:06  Hellion, Siege Tank  
  200  10:14  Missile Turret, Sensor Tower  
  199  10:28  Terran Vehicle Weapons Level 2, Terran Vehicle And Ship Armor Level 2  
  199  10:46  Command Center  
  199  10:50  Hellion x2  
  164  10:57  Hellion, Siege Tank  
  164  10:59  Hellion, Siege Tank  
  164  11:01  Viking  
  164  11:02  Viking, Hellion  
  144  11:12  Hellion x2  
  150  11:18  Hellion  
  150  11:23  Siege Tank  
  150  11:25  Hellion  
  149  11:29  Siege Tank  
  149  11:31  Siege Tank  
  154  11:34  Hellion  
  154  11:37  Viking  
  155  11:41  Hellion  
  155  11:43  Hellion  
  147  11:47  Supply Depot, Orbital Command  
  126  12:09  Siege Tank  
  126  12:12  Hellion  
  121  12:28  Hellion  
  108  12:35  Hellion  
  108  12:38  Hellion  
  108  12:44  Liberator  
  110  12:50  Liberator  
  116  13:06  Hellion x2, Siege Tank  
  116  13:10  Hellion  
  127  13:12  Hellion  
  127  13:17  Supply Depot  
  127  13:28  Liberator  
  127  13:33  Viking  
  132  13:35  Supply Depot  
  132  13:38  Hellion  
  134  13:47  Hellion, Siege Tank  
  139  13:53  Hellion  
  141  14:00  Siege Tank  
  141  14:01  Hellion  
  145  14:05  Hellion  
  144  14:14  Siege Tank  
  145  14:19  Hellion  
  147  14:25  Hellion  
  149  14:37  Hellion  
  109  14:39  Hellion  
  109  14:43  Refinery  
  109  14:44  Hellion  
  108  14:51  Siege Tank  
  111  14:55  Hellion  
  113  15:03  Hellion  
  113  15:05  Hellion  
  107  15:08  Hellion  
  107  15:14  Hellion  
  98  15:22  Siege Tank  
  98  15:24  Hellion  
  93  15:37  Hellion x5  
  93  15:41  Orbital Command  
  92  15:46  Hellion  
  86  15:57  Hellion x5  
  86  16:00  Hellion  
  86  16:31  Hellion  
  88  16:48  Hellion  
Show
View Real Time Build Order
Export as new Build Order

soul Terran 

Build Orders: Reaper Expand 

Get SALT Encoding   

  12  0:00  SCV  
  13  0:12  SCV  
  14  0:17  Supply Depot  
  14  0:24  SCV  
  15  0:39  SCV  
  15  0:41  Barracks  
  16  0:46  Refinery  
  16  0:51  SCV  
  17  1:03  SCV  
  18  1:15  SCV  
  19  1:28  Orbital Command  
  19  1:29  Reaper  
  20  1:46  Command Center  
  21  1:54  SCV  
  21  1:58  Supply Depot  
  21  2:00  Marine  
  22  2:06  SCV  
  23  2:12  Factory  
  23  2:19  Marine  
  23  2:20  SCV  
  25  2:26  Bunker  
  25  2:32  SCV  
  26  2:37  Refinery  
  26  2:38  Barracks Reactor  
  27  2:44  SCV  
  27  2:58  Hellion  
  29  3:00  SCV  
  29  3:01  Starport  
  29  3:04  Orbital Command  
  30  3:12  SCV  
  31  3:15  Marine x2  
  31  3:19  Refinery  
  33  3:20  Factory Tech Lab  
  33  3:24  SCV  
  34  3:29  SCV  
  36  3:36  SCV  
  36  3:37  Viking  
  38  3:42  SCV  
  38  3:44  Siege Tank  
  38  3:47  Supply Depot  
  42  3:49  SCV  
  42  3:50  Marine  
  42  3:52  Marine  
  42  3:54  SCV  
  46  4:06  Supply Depot  
  46  4:08  SCV x2  
  48  4:13  Marine x2  
  50  4:19  Raven  
  50  4:20  SCV x2  
  50  4:22  Factory Tech Lab  
  54  4:32  SCV  
  54  4:33  SCV  
  54  4:35  Command Center  
  55  4:39  Supply Depot  
  55  4:42  Siege Tank  
  58  4:46  SCV  
  58  4:47  Marine x2  
  58  4:49  SCV  
  62  5:01  SCV x2  
  62  5:02  Supply Depot  
  62  5:03  Supply Depot  
  62  5:04  Raven  
  66  5:13  SCV x2  
  68  5:14  Marine x2  
  68  5:19  Refinery  
  70  5:24  Supply Depot, Siege Tank  
  70  5:25  SCV  
  70  5:26  SCV  
  75  5:31  Barracks  
  75  5:33  Barracks  
  75  5:34  Engineering Bay  
  75  5:36  Engineering Bay  
  75  5:37  SCV  
  75  5:39  SCV  
  77  5:45  Supply Depot  
  77  5:49  Orbital Command  
  78  5:52  Stimpack  
  78  5:56  Siege Tank  
  81  6:02  Viking  
  81  6:03  Viking  
  84  6:08  Terran Infantry Weapons Level 1  
  84  6:09  Marine, Terran Infantry Armor Level 1  
  84  6:11  SCV  
  86  6:23  SCV  
  86  6:24  Orbital Command  
  86  6:27  Marine  
  86  6:31  SCV  
  86  6:32  Viking  
  93  6:35  Viking  
  93  6:38  Barracks Reactor  
  93  6:39  Barracks Reactor  
  92  6:41  SCV  
  92  6:42  Barracks  
  92  6:43  SCV, Barracks  
  92  6:45  Marine  
  95  6:47  Missile Turret  
  95  6:49  Supply Depot  
  95  6:50  Supply Depot  
  95  6:52  SCV  
  95  6:53  SCV  
  97  6:59  SCV  
  97  7:03  Marine  
  97  7:04  SCV  
  97  7:06  Viking x2  
  97  7:07  SCV  
  104  7:11  SCV  
  104  7:14  Siege Tank  
  108  7:16  SCV  
  108  7:18  Marine x3  
  108  7:19  SCV  
  108  7:21  Marine  
  113  7:25  Armory  
  113  7:26  Supply Depot  
  113  7:27  Supply Depot  
  113  7:28  SCV  
  113  7:29  Missile Turret, Marine  
  114  7:31  SCV  
  114  7:34  Barracks Reactor x2  
  114  7:36  SCV  
  117  7:38  Marine  
  117  7:39  Medivac x2  
  117  7:41  SCV  
  117  7:43  SCV, Combat Shield, Marine  
  125  7:48  SCV  
  125  7:51  Refinery  
  125  7:53  SCV  
  125  7:55  SCV  
  125  7:56  Marine x3  
  125  7:57  Refinery  
  130  8:01  Marine  
  130  8:02  Supply Depot  
  130  8:04  SCV  
  130  8:05  SCV, Supply Depot  
  133  8:07  SCV  
  133  8:11  Supply Depot, Marine x5  
  138  8:14  Supply Depot, Marine x2  
  138  8:15  Marine  
  145  8:20  Terran Infantry Armor Level 2, Terran Infantry Weapons Level 2  
  145  8:22  Marine  
  142  8:27  Siege Tank  
  142  8:29  Marine x3  
  146  8:36  Marine  
  146  8:38  Terran Vehicle Weapons Level 1  
  147  8:44  Marine  
  147  8:45  Marine x4  
  147  8:47  Command Center  
  147  8:48  Medivac x2  
  154  8:52  SCV x2  
  154  8:55  Marine x4  
  158  8:56  SCV  
  158  8:58  Sensor Tower  
  158  9:00  Siege Tank  
  165  9:03  Marine  
  165  9:04  SCV  
  165  9:06  Marine  
  165  9:07  Marine x2  
  165  9:08  Marine  
  171  9:10  SCV x2  
  171  9:16  Marine  
  171  9:17  Marine x2  
  174  9:18  Medivac, Marine  
  174  9:19  Missile Turret  
  174  9:21  Medivac  
  180  9:24  Sensor Tower  
  180  9:25  Marine  
  180  9:30  Supply Depot  
  181  9:31  Supply Depot  
  181  9:35  Refinery  
  181  9:51  Marine  
  181  9:52  Marine x7  
  188  9:53  Medivac x2, Siege Tank  
  188  9:58  Marine  
  196  10:09  Marine  
  196  10:10  Marine  
  197  10:18  Planetary Fortress  
  197  10:20  Marauder, Marine  
  200  10:22  Marine  
  199  10:43  Marine  
  194  10:57  Marine x3  
  194  10:59  Marine x4  
  194  11:01  Marine x2  
  194  11:02  Siege Tank  
  143  11:15  Marine x3  
  143  11:17  Marine x4  
  150  11:18  Marine  
  150  11:19  Marine  
  146  11:33  Marine x3  
  146  11:34  Siege Tank  
  146  11:35  Marine x4  
  146  11:36  Marine  
  146  11:37  Marine  
  127  11:50  Medivac x2  
  127  11:51  Marine x3  
  127  11:53  Marine x2  
  135  11:54  Marine  
  121  12:06  Siege Tank  
  123  12:08  Marine  
  123  12:09  Marine  
  123  12:11  Marine x2  
  123  12:12  Marauder  
  126  12:18  Barracks Tech Lab  
  126  12:20  Medivac x2  
  126  12:21  Barracks Tech Lab  
  119  12:26  Marine x2  
  119  12:29  Marine  
  104  12:34  Marauder  
  104  12:38  Siege Tank  
  104  12:40  Marauder x2, Marine  
  104  12:41  Concussive Shells  
  104  12:42  Command Center  
  110  12:44  Marine  
  110  12:50  Medivac x2  
  112  12:52  Marine x2  
  112  12:56  Marauder  
  112  12:58  Marine  
  117  13:01  Marauder  
  117  13:02  Marauder, Marine  
  122  13:09  Marine x2  
  122  13:10  Siege Tank  
  127  13:16  Marine  
  127  13:17  Marauder  
  130  13:20  Medivac, Marine  
  130  13:21  Orbital Command  
  130  13:23  Marauder x2  
  137  13:30  Marine  
  137  13:31  Marine  
  138  13:38  Marine  
  138  13:39  Marauder  
  140  13:44  Marauder x2  
  140  13:46  Siege Tank  
  147  13:55  Marine  
  142  14:00  Marauder  
  142  14:01  Marine  
  140  14:04  Orbital Command  
  140  14:06  Marauder x2  
  140  14:08  Marine  
  143  14:10  Marine  
  143  14:14  Marine  
  139  14:18  Marine  
  139  14:21  Marauder  
  142  14:27  Marauder x2  
  142  14:28  Marine  
  133  14:33  Marine  
  133  14:34  Marine  
  133  14:36  Marine  
  98  14:43  Marauder  
  100  14:46  Marine  
  100  14:48  Marauder  
  100  14:51  Marine  
  100  14:52  Marine  
  105  14:53  Thor  
  110  15:04  Marine  
  110  15:05  Medivac x2  
  110  15:06  Marine  
  89  15:10  Marauder  
  89  15:11  Marine  
  88  15:19  Marine  
  79  15:24  Marauder x2, Marine  
  79  15:26  Marine  
  72  15:29  Marine  
  72  15:32  Marauder  
  75  15:37  Marine  
  75  15:42  Marine  
  77  15:44  Marine  
  77  15:45  Marine  
  77  15:46  Marauder  
  77  15:47  Marine  
  72  15:53  Marauder  
  72  15:55  Marine  
  75  16:00  Marine  
  75  16:02  Marine  
  75  16:04  Marauder  
  77  16:05  Marine  
  77  16:07  Marine  
  67  16:13  Marine  
  67  16:14  Marine  
  67  16:17  Marine  
  63  16:20  Marine  
  63  16:22  Marine  
  63  16:24  Marine  
  63  16:25  Marine  
  63  16:31  Marine  
  63  16:32  Marine  
  55  16:35  Marine  
  55  16:38  Marine  
  57  16:44  Marine  
Tags
 
Add a new tag
Caveats
  • Supply blocks, unpowered buildings, or Contaminate may cause inaccurate times.
  • Supply counts are checked every 10 seconds.